 Dungeon Crawl Stone Soup version 0.22-a0-161-g198051c (webtiles) character file.

3389 tilp the Impaler (level 10, -2/73 HPs)
             Began as a Merfolk Ice Elementalist on Feb 11, 2018.
             Slain by Maurice
             ... wielding a +0 short sword
              (7 damage)
             ... on level 8 of the Dungeon.
             The game lasted 00:33:37 (11755 turns).

tilp the Impaler (Merfolk Ice Elementalist)        Turns: 11755, Time: 00:33:38

Health: -2/73      AC:  6    Str:  9    XL:     10   Next: 4%
Magic:  13/13      EV: 13    Int: 18    God:
Gold:   308        SH:  0    Dex: 14    Spells: 5/13 levels left

rFire    x . .     SeeInvis .   q - +1 halberd
rCold    + . .     Gourm    .   (shield currently unavailable)
rNeg     + . .     Faith    .   a - +0 robe
rPois    .         Spirit   .   (no helmet)
rElec    .         Reflect  .   x - +2 cloak
rCorr    .         Harm     .   (no gloves)
MR       .....                  J - +0 pair of boots (curse)
Stlth    ++........             (no amulet)
HPRegen  0.22/turn              s - ring of positive energy
MPRegen  0.13/turn              H - ring of ice

@: lethally poisoned (-2 -> -13)
A: change form in water, swift swim, stealthy swim
a: no special abilities


You were on level 8 of the Dungeon.
You were not hungry.

You visited 2 branches of the dungeon, and saw 9 of its levels.
You also visited: Sewer.

You collected 308 gold pieces.

Inventory:

Hand Weapons
 j - a +0 hunting sling
 q - a +1 halberd (weapon)
 z - a +0 trident
 I - a +0 trident of flaming
Missiles
 d - 278 stones
 k - 9 tomahawks
 l - 21 sling bullets
 t - 2 javelins (quivered)
Armour
 a - a +0 robe (worn)
 x - a +2 cloak (worn)
 J - a cursed +0 pair of boots (worn)
Magical Staves
 G - an uncursed staff of energy {unknown}
Jewellery
 s - a ring of positive energy (left hand)
 H - a ring of ice (right hand)
Wands
 n - a wand of digging (14)
 r - a wand of paralysis (10)
 F - a wand of random effects (27)
 L - a wand of iceblast (9)
Scrolls
 p - 4 scrolls of teleportation
 v - a scroll of fog {unknown}
 w - 2 scrolls of magic mapping
 y - 2 scrolls of remove curse
 A - 4 scrolls of amnesia
 D - a scroll of random uselessness {unknown}
Potions
 e - a potion of agility {unknown}
 g - a potion of flight {unknown}
 h - a potion of berserk rage {unknown}
 i - a potion of resistance {unknown}
 m - 2 potions of mutation {unknown}
 B - 2 potions of curing
 C - a potion of magic {unknown}
 E - a potion of haste {unknown}
Books
 b - a book of Frost

   Spells                             Type                      Level
   a - Freeze                         Ice                          1
   b - Throw Frost                    Conjuration/Ice              2
   c - Ozocubu's Armour               Charms/Ice                   3
   d - Throw Icicle                   Conjuration/Ice              4
   e - Summon Ice Beast               Ice/Summoning                4
 o - a book of Maledictions

   Spells                             Type                      Level
   a - Corona                         Hexes                        1
   b - Ensorcelled Hibernation        Hexes/Ice                    2
   c - Confuse                        Hexes                        3
   d - Tukima's Dance                 Hexes                        3
   e - Dazzling Spray                 Conjuration/Hexes            3
Comestibles
 c - 13 rations


   Skills:
 + Level 4.8 Fighting
 - Level 16.1 Polearms
 - Level 2.6 Dodging
 - Level 2.1 Stealth
 - Level 2.0 Spellcasting
 - Level 0.7 Conjurations
 - Level 6.0 Ice Magic


You had 5 spell levels left.
You knew the following spells:

 Your Spells              Type           Power        Failure   Level  Hunger
a - Freeze                Ice            ####         1%          1    #......
b - Throw Frost           Conj/Ice       ###...       7%          2    ###....
c - Ozocubu's Armour      Chrm/Ice       ###.....     16%         3    ###....
d - Ensorcelled Hibernat  Hex/Ice        ###...       8%          2    ###....


Dungeon Overview and Level Annotations

Branches:
Dungeon (8/15)             Temple (1/1) D:7
   Lair: D:8-11

Altars:
Ashenzari
Cheibriados
Dithmenos
Elyvilon
Fedhas
Gozag
Hepliaklqana
Kikubaaqudgha
Nemelex Xobeh
Okawaru
Qazlal
Ru
Sif Muna
Trog
Uskayaw
Vehumet
Wu Jian
Xom
Yredelemnul
Zin

Annotations:
D:4 vishdafish's ghost, amateur DsSk
D:6 Blork the orc
D:8 exclusion: 2 two-headed ogres, Maurice


Message History

* * * LOW HITPOINT WARNING * * *
Something steals your glowing silvery potion!
You hit something.
You feel sick. Something hits you.
* * * LOW HITPOINT WARNING * * *
Something steals 5 of your 26 sling bullets!
You hit something.
* * * LOW HITPOINT WARNING * * *
You feel sick.
Unknown command.
You miss something.
* * * LOW HITPOINT WARNING * * *
You feel sick. Something hits you!
* * * LOW HITPOINT WARNING * * *
Something steals your ring of positive energy!
Your magical contamination has completely faded away.
Unknown command.
You closely miss something.
* * * LOW HITPOINT WARNING * * *
You feel sick. Something hits you!
You die...

#.#............#.###.#.#
#.....#.###....# #.#.#
#####.#.# #.....O #.#.#
......#.# #...######.#.#
#######.###....(.....#.#
........#.....########.##
####.............#......#
#.......#####.#.######
#............@.......#
#........####.#.###.##
.....###.#.# #(#.# #.....
#.#.# #(#.# ......
#.#.####(#). ....##
#.#....((###
....#####.#<######
.....<....#.#
....##.####.#


There were no monsters in sight!

Vanquished Creatures
  A human (D:7)
  A yak (D:7)
  3 hogs (D:7)
  Duvessa (D:4)
  2 orc warriors
  An ice beast (D:4)
  A sky beast (D:7)
  3 ogres
  3 phantoms
  A centaur (D:5)
  4 bullfrogs
  Dowan (D:4)
  4 scorpions
  3 crimson imps
  A centaur zombie (D:6)
  2 jellies (D:7)
  3 hounds
  3 bullfrog skeletons
  7 orc priests
  2 orc wizards
  An iguana (D:4)
  Natasha (thrice) (D:4)
  A worker ant (D:3)
  A killer bee zombie (D:7)
  2 hound zombies
  2 howler monkey zombies (D:3)
  A worker ant zombie (D:3)
  4 gnolls (D:2)
  A howler monkey skeleton (D:7)
  5 adders
  A shadow imp (D:5)
  2 oozes
  2 adder zombies
  An adder skeleton (D:3)
  6 worms
  4 dart slugs
  7 leopard geckos
  27 orcs
  2 ball pythons
  10 bats
  5 giant cockroaches
  4 goblins
  9 hobgoblins
  6 jackals
  11 kobolds
  A quokka (D:4)
  8 frilled lizards
  A jackal zombie (D:3)
  A leopard gecko skeleton (D:6)
  A leopard gecko zombie (D:3)
  3 quokka skeletons
  12 rats
192 creatures vanquished.

Notes
Turn   | Place    | Note
-------+----------+-------------------------------------------
     0 | D:1      | tilp the Merfolk Ice Elementalist began the quest for the Orb.
     0 | D:1      | Reached XP level 1. HP: 13/13 MP: 3/3
   313 | D:1      | Reached XP level 2. HP: 19/19 MP: 3/5
   381 | D:1      | Learned a level 2 spell: Throw Frost
   879 | D:2      | Reached skill level 1 in Polearms
  1022 | D:2      | Reached XP level 3. HP: 20/24 MP: 2/6
  1295 | D:2      | Noticed a moth of wrath
  1297 | D:2      | Noticed a scorpion
  1310 | D:2      | Killed a scorpion
  1310 | D:2      | Reached skill level 3 in Polearms
  1310 | D:2      | Reached XP level 4. HP: 26/30 MP: 0/7
  1384 | D:2      | Found a bloodstained altar of Trog.
  1540 | D:2      | Reached skill level 5 in Ice Magic
  1553 | D:2      | Noticed an ogre
  1567 | D:2      | Killed an ogre
  1567 | D:2      | Reached skill level 4 in Polearms
  1567 | D:2      | Reached XP level 5. HP: 35/35 MP: 0/8
  2037 | D:2      | Reached skill level 5 in Polearms
  2207 | D:2      | Reached XP level 6. HP: 31/41 MP: 5/9
  3005 | D:3      | Found a sacrificial altar of Ru.
  3159 | D:3      | Reached skill level 6 in Polearms
  3639 | D:3      | Reached skill level 7 in Polearms
  3782 | D:3      | Reached XP level 7. HP: 26/46 MP: 6/10
  3921 | D:3      | Learned a level 3 spell: Ozocubu's Armour
  3924 | D:3      | Learned a level 2 spell: Ensorcelled Hibernation
  4357 | D:4      | Noticed Dowan
  4502 | D:4      | Found a snail-covered altar of Cheibriados.
  4555 | D:4      | Reached skill level 8 in Polearms
  4719 | D:4      | Noticed Duvessa
  4725 | D:4      | Killed Duvessa
  4725 | D:4      | Reached skill level 9 in Polearms
  4811 | D:4      | Noticed Natasha
  4818 | D:4      | Killed Natasha
  5365 | D:4      | Noticed Natasha
  5375 | D:4      | Killed Natasha
  5766 | D:4      | Noticed vishdafish's ghost (amateur DsSk)
  5863 | D:4      | Killed Dowan
  5863 | D:4      | Reached skill level 10 in Polearms
  6025 | D:4      | Reached XP level 8. HP: 43/52 MP: 0/11
  6221 | D:4      | Noticed Natasha
  6227 | D:4      | Killed Natasha
  6281 | D:5      | Entered Level 5 of the Dungeon
  6499 | D:4      | Reached skill level 11 in Polearms
  6915 | D:5      | Found a glowing drain.
  6919 | Sewer    | Entered a sewer
  7004 | Sewer    | Noticed Purgy
  7416 | D:5      | Reached skill level 12 in Polearms
  8225 | D:6      | Noticed Blork the orc
  8233 | D:6      | Found a white marble altar of Elyvilon.
  8529 | D:6      | Reached skill level 13 in Polearms
  8945 | D:6      | Reached XP level 9. HP: 45/57 MP: 1/12
  9458 | D:6      | Reached skill level 14 in Polearms
  9988 | D:7      | Reached skill level 15 in Polearms
 10379 | D:7      | Found a blossoming altar of Fedhas.
 10434 | D:7      | Found a staircase to the Ecumenical Temple.
 10443 | Temple   | Entered the Ecumenical Temple
 10621 | D:7      | Reached skill level 16 in Polearms
 10993 | D:7      | Reached XP level 10. HP: 54/73 MP: 13/13
 11231 | D:7      | Found a shadowy altar of Dithmenos.
 11382 | D:8      | Noticed a two-headed ogre
 11534 | D:8      | Noticed Maurice
 11538 | D:8      | Noticed a two-headed ogre
 11544 | D:8      | Paralysed by something for 2 turns
 11687 | D:8      | Noticed a two-headed ogre
 11755 | D:8      | Slain by Maurice

Vault maps used:
D:1:      lemuel_arrival_lava_pool, minmay_tetromino_l4
D:2:      tgw_trog
D:3:      lemuel_round_altar, serial_undead, serial_undead_f, serial_undead_f,
          serial_undead_d, serial_undead_b, serial_undead_c, serial_undead_e,
          serial_undead_b
D:4:      cheibriados_altar_1, first_ration, uniq_duvessa, uniq_natasha
D:5:      gup_sewer_entry_spiral
D:6:      overflow_temple_1_default, uniq_blork_the_orc
D:7:      grunt_dithmenos_shadows, minmay_temple_entry_enclosed_plants,
          grunt_livestock, fedhas_altar_1
D:8:      uniq_maurice
Temple:   regret_index_temple_waves
Sewer:    kennysheep_door_sewer

Skill      XL: |  1  2  3  4  5  6  7  8  9 |
---------------+----------------------------+-----
Ice Magic      | 4 5 6 |  6.0
Polearms       | 1 3 4 5 7 10 13 16 | 16.1
Fighting       | 4 |  4.8
Dodging        | |  2.6
Stealth        | |  2.1
Spellcasting   | |  2.0
Conjurations   | |  0.7

Action                   |  1- 3 |  4- 6 |  7- 9 | 10-12 || total
-------------------------+-------+-------+-------+-------++-------
Melee: Hand axe          |     2 |       |       |       ||     2
       Spear             |    18 |   107 |   281 |       ||   406
       Halberd           |       |       |   202 |    31 ||   233
Throw: Stone             |    22 |     9 |     8 |       ||    39
       Tomahawk          |       |       |    11 |       ||    11
       Javelin           |       |       |     2 |       ||     2
 Cast: Freeze            |    33 |    69 |    87 |       ||   189
       Throw Frost       |     3 |     9 |    21 |       ||    33
       Ozocubu's Armour  |       |       |    22 |     4 ||    26
       Ensorcelled Hiber |       |       |     7 |       ||     7
Evoke: Wand              |       |       |     3 |       ||     3
  Use: Scroll            |       |       |    13 |     1 ||    14
       Potion            |       |       |     1 |       ||     1
 Stab: Sleeping          |     2 |     2 |    11 |       ||    15
       Distracted        |       |       |     1 |     1 ||     2
  Eat: Chunk             |     2 |     9 |    26 |     1 ||    38
       Ration            |       |       |     1 |     1 ||     2
Armor: Robe              |     8 |     8 |    76 |     2 ||    94
Dodge: Dodged            |    29 |    83 |   254 |    12 ||   378

Table legend:
 A = Spawn XP
 B = Non-spawn XP
 C = Spawn XP percentage of total XP
 D = Spawn monster count
 E = Non-spawn monster count
 F = Spawn count percentage of total count
 G = Total turns spent on level
                    A         B        C        D         E        F      G
               +---------+---------+-------+---------+---------+-------+---------
         Total |       0 |    4842 |   0.0 |       0 |     192 |   0.0 | 11755
               +---------+---------+-------+---------+---------+-------+---------
           D:1 |       0 |      20 |   0.0 |       0 |      14 |   0.0 |   702
           D:2 |       0 |     304 |   0.0 |       0 |      31 |   0.0 |  1658
           D:3 |       0 |     342 |   0.0 |       0 |      42 |   0.0 |  2121
           D:4 |       0 |     774 |   0.0 |       0 |      26 |   0.0 |  2169
           D:5 |       0 |     538 |   0.0 |       0 |      23 |   0.0 |  1418
           D:6 |       0 |     547 |   0.0 |       0 |      20 |   0.0 |  1395
           D:7 |       0 |    2307 |   0.0 |       0 |      31 |   0.0 |  1739
           D:8 |       0 |       5 |   0.0 |       0 |       1 |   0.0 |   316
         Sewer |       0 |       5 |   0.0 |       0 |       4 |   0.0 |   114
               +---------+---------+-------+---------+---------+-------+---------
